 Dungeon Crawl Stone Soup version 0.29.1-13-g9f3cf754e1 (webtiles) character file.

Game seed: 11642377467374867639

1220 Thatpatchoflichen the Trooper (level 8, 0/83 HPs)
             Began as an Ogre Monk on Feb 9, 2023.
             Slain by a killer bee (7 damage)
             ... on level 5 of the Dungeon.
             The game lasted 00:14:12 (5909 turns).

Thatpatchoflichen the Trooper (Ogre Monk)           Turns: 5909, Time: 00:14:13

Health: 0/83       AC: 13    Str: 18    XL:     8   Next: 47%
Magic:  8/8        EV:  8    Int: 11    God:
Gold:   163        SH:  0    Dex: 11    Spells: 7/7 levels left

rFire   . . .      SeeInvis .   A - +2 flail (venom)
rCold   . . .      Faith    .   (no shield)
rNeg    + . .      Spirit   .   i - +0 pearl dragon scales
rPois   .          Reflect  .   (helmet restricted)
rElec   .          Harm     .   (no cloak)
rCorr   .          Rampage  .   (gloves unavailable)
Will    .....                   (boots unavailable)
Stlth   ..........              x - amulet of regeneration
HPRegen 1.03/turn               (no ring)
MPRegen 0.11/turn               (no ring)

@: no status effects
A: large, unfitting armour, tough skin 1
a: no special abilities


You were on level 5 of the Dungeon.
You visited 1 branch of the dungeon, and saw 6 of its levels.

You collected 253 gold pieces.
You spent 90 gold pieces at shops.

Inventory:

Hand Weapons
 a - a +0 mace
 k - a +1 whip of venom
 q - a +2 whip of draining
 A - a +2 flail of venom (weapon)
 B - a +0 giant club
 C - a +0 flail of holy wrath
Missiles
 s - 5 poisoned darts (quivered)
Armour
 i - +0 pearl dragon scales (worn)
Jewellery
 t - an amulet of faith
 x - an amulet of regeneration (around neck)
Scrolls
 d - 2 scrolls of teleportation {unknown}
 e - 3 scrolls of immolation
 f - 3 scrolls of torment
 l - a scroll of blinking {unknown}
 m - 3 scrolls of identify
 n - 2 scrolls of enchant armour {unknown}
 p - 2 scrolls of magic mapping
 u - 2 scrolls of fog {unknown}
 w - 2 scrolls of poison {unknown}
 y - a scroll of enchant weapon {unknown}
 E - a scroll of fear {unknown}
Potions
 c - a potion of ambrosia
 g - 3 potions of haste {unknown}
 h - a potion of flight {unknown}
 j - a potion of experience {unknown}
 o - 5 potions of curing
 r - 2 potions of magic {unknown}
 v - 2 potions of mutation {unknown}
 z - a potion of attraction {unknown}
 D - a potion of might {unknown}
 F - a potion of brilliance {unknown}


   Skills:
 - Level 6.0 Fighting
 - Level 6.0 Maces & Flails
 + Level 5.2 Armour
 - Level 4.0 Dodging
 - Level 1.4 Stealth


You had 7 spell levels left.
You didn't know any spells.
Your spell library contained the following spells:

 Spells                   Type           Power      Damage    Failure   Level
 Apportation              Tloc           0%         N/A       78%         1
 Necrotise                Necr           0%         1d4       78%         1
 Shock                    Conj/Air       0%         1d3       78%         1
 Sting                    Tmut/Pois      0%         1d3       78%         1
 Summon Small Mammal      Summ           0%         N/A       78%         1
 Poisonous Vapours        Pois/Air       0%         N/A       89%         2
 Gell's Gravitas          Tloc           0%         N/A       98%         3
 Swiftness                Air            0%         N/A       98%         3
 Teleport Other           Tloc           0%         N/A       98%         3
 Airstrike                Air            0%         2d(0-16)  100%        4
 Olgreb's Toxic Radiance  Pois           0%         N/A       100%        4
 Iskenderun's Battlesphe  Conj           0%         2d6       100%        5
 Dispersal                Tloc           0%         N/A       100%        6
 Iron Shot                Conj/Erth      0%         9d1       100%        6
 Spellforged Servitor     Conj/Summ      0%         N/A       100%        7


Dungeon Overview and Level Annotations

Branches:
Dungeon (6/15)
 Temple: D:4-7

Altars:
Fedhas
Vehumet
Zin
The Shining One


Innate Abilities, Weirdness & Mutations

You are too large for most types of armour.
You have tough skin. (AC +1)


Message History

You miss the killer bee. The killer bee stings you.
You are poisoned.
The killer bee poisons you! The killer bee barely misses you.
The killer bee stings you!
* * * LOW HITPOINT WARNING * * *
The killer bee stings you.
* * * LOW HITPOINT WARNING * * *
You closely miss the killer bee.
You feel very sick.
The killer bee stings you but does no damage.
The killer bee stings you.
* * * LOW HITPOINT WARNING * * *
The killer bee barely misses you. The killer bee stings you.
* * * LOW HITPOINT WARNING * * *
You are lethally poisoned!
The killer bee poisons you!
You feel better.
The killer bee stings you but does no damage. x2
The killer bee closely misses you. The killer bee barely misses you.
As you read the scroll of identify, it crumbles to dust.
f - 3 scrolls of torment The killer bee barely misses you.
The killer bee stings you.
* * * LOW HITPOINT WARNING * * *
The killer bee stings you but does no damage.
The killer bee closely misses you.
As you read the scroll of identify, it crumbles to dust.
p - 2 scrolls of magic mapping The killer bee barely misses you.
The killer bee stings you but does no damage.
The killer bee barely misses you.
The killer bee stings you but does no damage.
You barely miss the killer bee.
The killer bee stings you but does no damage.
The killer bee stings you!
* * * LOW HITPOINT WARNING * * *
The killer bee stings you but does no damage.
The killer bee stings you.
* * * LOW HITPOINT WARNING * * *
The killer bee barely misses you. The killer bee stings you!
You die...

...# #......# #.#..#.##. ..##
###.##...# #.#..#..#. ..#
###...####.#######.#..##.#. ..#
#.♣....###.........#..##.#.
..#####.....#.############.......
.......♣....##.# ####### #####.##
..##.##.PP..#.## #.....# #......
........##.#.#####.....# #.##.#.
........##.#.###@yy....# #.#....
...............#y#.>...# #.#....
...........#.#.#.#.....# #.#....
..#####..###.#.#.####### #......
..# #.......#..#.################
..# #.#..#...............##.....#
..###.#..#..#..#.##.####.##.._..#
...............#.##.####.##.....#
#####.#...................#8#.#8#


You could see 3 killer bees.

Vanquished Creatures
  Edmund (D:5)
  A black bear (D:5)
  An ogre (D:5)
  3 scorpions
  A necrophage (D:6)
  A killer bee (D:5)
  2 quasits
  5 hounds
  2 orc priests
  5 iguanas
  2 orc wizards
  4 adders
  A shadow imp (D:5)
  2 white imps
  4 ufetubi
  3 worms
  4 dart slugs
  14 orcs
  5 ball pythons
  6 bats
  4 endoplasms
  4 giant cockroaches
  8 hobgoblins
  6 jackals
  2 quokkas
  A frilled lizard (D:1)
  11 goblins
  8 kobolds
  8 rats
119 creatures vanquished.

Vanquished Creatures (others)
  5 demonic plants (D:5)
5 creatures vanquished.

Grand Total: 124 creatures vanquished

Notes
Turn   | Place    | Note
-------+----------+-------------------------------------------
     0 | D:1      | Thatpatchoflichen the Ogre Monk began the quest for the
                  | Orb.
     0 | D:1      | Reached XP level 1. HP: 24/24 MP: 1/1
   161 | D:1      | Reached XP level 2. HP: 32/32 MP: 2/2
   629 | D:1      | Reached XP level 3. HP: 35/40 MP: 3/3
  1458 | D:2      | Reached XP level 4. HP: 39/49 MP: 4/4
  2240 | D:2      | Reached skill level 5 in Fighting
  2256 | D:2      | Reached skill level 1 in Armour
  2693 | D:3      | Reached XP level 5. HP: 57/57 MP: 5/5
  3161 | D:4      | Found a blossoming altar of Fedhas.
  3846 | D:5      | Entered Level 5 of the Dungeon
  3846 | D:5      | Noticed a black bear
  3924 | D:5      | Reached XP level 6. HP: 61/66 MP: 6/6
  4474 | D:5      | Reached XP level 7. HP: 27/75 MP: 7/7
  4742 | D:5      | Found a radiant altar of Vehumet.
  4804 | D:5      | Found Zin's Purification Station.
  4804 | D:5      | Found a glowing silver altar of Zin.
  4818 | D:5      | Noticed Edmund
  4830 | D:5      | Killed Edmund
  5276 | D:5      | Bought a potion of curing for 90 gold pieces
  5322 | D:5      | Reached skill level 5 in Maces & Flails
  5331 | D:5      | Reached XP level 8. HP: 61/83 MP: 8/8
  5333 | D:5      | Found a glowing golden altar of the Shining One.
  5768 | D:6      | Reached skill level 5 in Armour
  5909 | D:5      | Slain by a killer bee

Illustrated notes

Levels and vault maps discovered:
D:1:      amcnicky_arrival_feature_with_door, layout_rooms
D:2:      layout_basic
D:3:      layout_loops_ring, serial_bayou_pond_a, minivault_19
D:4:      minmay_wonky_spiral, layout_gridville, fedhas_altar_2
D:5:      layout_loops_cross, zin_purify, mainiacjoe_overflow_alcove_2,
          old_standard_altar, serial_demonic, serial_demonic_e,
          serial_demonic_b, serial_demonic_f, serial_demonic_d,
          serial_demonic_d, uniq_edmund
D:6:      layout_rooms, minmay_temple_entry_enclosed_plants, uniq_blork_the_orc,
          uniq_crazy_yiuf_cottage

Skill      XL: |  1  2  3  4  5  6  7  8 |
---------------+-------------------------+-----
Maces & Flails | 3 4 5 6 |  6.0
Dodging        | 3 4 |  4.0
Fighting       | 5 6 |  6.0
Armour         | 1 3 4 5 |  5.2
Stealth        | |  1.4

Action                   |  1- 3 |  4- 6 |  7- 9 || total
-------------------------+-------+-------+-------++-------
Melee: Mace              |    90 |       |       ||    90
       Whip              |    38 |   198 |       ||   236
       Punch             |     1 |     1 |       ||     2
       Flail             |       |    13 |   100 ||   113
  Use: Scroll            |       |       |     3 ||     3
       Potion            |       |       |     2 ||     2
Armor: Robe              |    51 |       |       ||    51
       Pearl dragon scal |    46 |   195 |    90 ||   331
Dodge: Dodged            |    80 |   148 |    65 ||   293
